 Dungeon Crawl Stone Soup version 0.25-a0-565-g8875c97ebb (webtiles) character file.

Game seed: 14399732974898786687, levelgen mode: deterministic

28 MisterFreud the Charmwright (level 3, 0/17 HPs)
             Began as a Felid Skald on Feb 26, 2020.
             Slain by a hobgoblin (3 damage)
             ... led by Robin
             ... on level 2 of the Dungeon.
             The game lasted 00:02:56 (1671 turns).

MisterFreud the Charmwright (Felid Skald)           Turns: 1671, Time: 00:02:57

Health: 0/17       AC:  1    Str:  7    XL:     3   Next: 0%
Magic:  4/7        EV: 18    Int: 15    God:
Gold:   61         SH:  0    Dex: 17    Spells: 3/6 levels left
                                        Lives:  0   Deaths: 0

rFire    . . .     SeeInvis +     - Unarmed
rCold    . . .     Gourm    .   (shield unavailable)
rNeg     . . .     Faith    .   (armour unavailable)
rPois    .         Spirit   .   (helmet unavailable)
rElec    .         Reflect  .   (cloak unavailable)
rCorr    .         Harm     .   (gloves unavailable)
MR       .....                  (boots unavailable)
Stlth    ++........             (no amulet)
HPRegen  0.05/turn              a - +2 ring of dexterity
MPRegen  0.10/turn              (no ring)

@: very slightly contaminated, hasted, very quick
A: very small, no armour, no weapons or thrown items, stealth, claws 1, fangs 3,
see invisible, carnivore, speed 1, shaggy fur 1, slow metabolism 1, sharp paws
a: no special abilities


You were on level 2 of the Dungeon.
You were completely stuffed.

You visited 1 branch of the dungeon, and saw 3 of its levels.

You collected 61 gold pieces.

Inventory:

Jewellery
 a - a +2 ring of dexterity (left paw)
Scrolls
 f - a scroll of identify
Potions
 d - a potion of resistance
 e - a potion of curing {unknown}
 g - a potion of stabbing {unknown}
Comestibles
 b - 3 rations
 h - 4 chunks of flesh


   Skills:
 + Level 3.5 Fighting
 - Level 3.2 Dodging
 - Level 2.0 Unarmed Combat
 - Level 2.0 Spellcasting
 - Level 3.6 Charms


You had 3 spell levels left.
You knew the following spells:

 Your Spells              Type           Power        Failure   Level  Hunger
a - Infusion              Chrm           ##..         4%          1    #......
b - Shroud of Golubria    Chrm/Tloc      #.....       16%         2    ###....

Your spell library contained the following spells:

 Spells                   Type           Power        Failure   Level  Hunger
 Song of Slaying          Chrm           ##......     8%          2    ###....
 Ozocubu's Armour         Chrm/Ice       #.......     32%         3    ###....
 Spectral Weapon          Hex/Chrm       Unusable     N/A         3    N/A

Dungeon Overview and Level Annotations

Branches:
Dungeon (3/15)

Altars:

Annotations:
D:2 Robin, Sigmund


Innate Abilities, Weirdness & Mutations

You cannot wear armour.
You are incapable of wielding weapons or throwing items.
Your paws allow you to move quietly. (Stealth)
You have sharp claws.
You have razor-sharp teeth.
You have supernaturally acute eyesight. (SInv)
You are carnivorous and can eat meat at any time.
You cover ground quickly.
You are covered in fur. (AC +1)
You have a slow metabolism.
Your sharp claws are effective at attacking unaware monsters.


Message History

The kobold barely misses you.
You closely miss the kobold. You bite the kobold, but do no damage.
The hobgoblin misses you.
The kobold hits you with a +0 short sword.
You barely miss the kobold. Your bite misses the kobold.
Robin roars a battlecry!
The goblin goes into a battle-frenzy!
The hobgoblin barely misses you. The kobold completely misses you.
You scratch the kobold.
The kobold is severely wounded.
The hobgoblin hits you.
The kobold hits you with a +0 short sword.
* * * LOW HITPOINT WARNING * * *
Unknown command.
Unknown command.
Okay, then.
It was a potion of haste.
You feel yourself speed up.
Robin's bangles clink loudly.
The hobgoblin hits you.
You die...

#........>.......
#......#......[##
#......#.......#
#......#.......#
#####.##.......#
#†##.......#
#g###.###### #g#
#)# #@# #...g.g.g
#K# #########


#gg .... (.... ...#... ...#.... #...#..... You could see Robin, 2 hobgoblins, a
goblin and a kobold.

Vanquished Creatures
  A dart slug (D:1)
  2 leopard geckos (D:1)
  A giant cockroach (D:1)
  7 goblins
  3 hobgoblins
  3 jackals (D:1)
  A kobold (D:1)
  2 bats
20 creatures vanquished.

Notes
Turn   | Place    | Note
-------+----------+-------------------------------------------
     0 | D:1      | MisterFreud the Felid Skald began the quest for the Orb.
     0 | D:1      | Reached XP level 1. HP: 9/9 MP: 4/4
   650 | D:1      | Reached XP level 2. HP: 11/13 MP: 1/6
   866 | D:1      | Learned a level 2 spell: Shroud of Golubria
  1397 | D:2      | Noticed Sigmund
  1465 | D:2      | Noticed Robin
  1664 | D:2      | Reached XP level 3. HP: 17/17 MP: 3/7
  1671 | D:2      | Slain by a hobgoblin

Levels and vault maps discovered:
D:1:      heliophobic_arrival_dark_side_of_the_moon, layout_basic,
          minmay_tromino_v2
D:2:      layout_basic, minmay_goblin_kobold_house, uniq_robin, uniq_sigmund
D:3:      layout_basic, first_ration, minmay_cupped

Skill      XL: |  1  2 |
---------------+-------+-----
Fighting       | 3 |  3.5
Dodging        | |  3.2
Unarmed Combat | |  2.0
Spellcasting   | |  2.0
Charms         | |  3.6

Action                   || total
-------------------------++-------
Melee: Unarmed           ||    53
       Bite              ||     2
 Cast: Infusion          ||     8
       Shroud of Golubri ||     5
  Use: Scroll            ||     2
       Potion            ||     1
 Stab: Sleeping          ||     3
  Eat: Chunk             ||     9
Armor: Skin              ||     2
Dodge: Dodged            ||    52

Table legend:
 A = Non-vault XP
 B = Vault XP
 C = Vault XP percentage of total XP
 D = Non-vault monster count
 E = Vault monster count
 F = Vault count percentage of total count
                 A         B        C        D         E       F
            +---------+---------+-------+---------+---------+-------
      Total |      24 |      17 |  41.5 |      11 |       9 |  45.0
            +---------+---------+-------+---------+---------+-------
        D:1 |      21 |       2 |   8.7 |       9 |       1 |  10.0
        D:2 |       3 |       8 |  72.7 |       2 |       4 |  66.7
        D:3 |       0 |       7 | 100.0 |       0 |       4 | 100.0
            +---------+---------+-------+---------+---------+-------
